[Event "Titled Tuesday Blitz January 10 Early 2023"]
[White "Jobava, Baadur"]
[Black "Fernandez Guillen, Ernesto J."]
[WhiteFideId "13601520"]
[BlackFideId "3512428"]
[WhiteElo "2578"]
[BlackElo "2477"]
[Result "1/2-1/2"]
[Round "11"]
[TimeControl "180+2"]
[Date "2023.01.10"]
[WhiteClock "0:00:04"]
[BlackClock "0:00:05"]

1. b3 e5 2. Bb2 Nc6 3. Nf3 d6 4. d4 e4 5. d5 Nce7 6. Ng5 e3 7. f4 Nf5 8. g3 Be7 9. Nf3 Bf6 10. Nc3 h5 11. Qd3 Qe7 12. O-O-O Ngh6 13. Bh3 Ng4 14. Ne4 Bxb2+ 15. Kxb2 Bd7 16. Nd4 g6 17. Qc3 O-O-O 18. Bg2 Kb8 19. Nc6+ bxc6 20. dxc6 Bc8 21. Rd5 a6 22. Rhd1 h4 23. Qa5 hxg3 24. Rb5+ Ka7 25. Nc3 Rxh2 26. Nd5 Re8 27. Nxe7 Rxe7 28. Rb7+ Bxb7 29. cxb7 Rxg2 30. Qxa6+ Kxa6 31. b8=Q Rxe2 32. Rd5 c5 33. b4 Rd2 34. a4 Rb7 35. Qa8+ Kb6 36. Qd8+ Ka7 37. Qa5+ Kb8 38. Qd8+ Ka7 39. Qa5+ Kb8 40. Qd8+ Ka7 1/2-1/2


[Site "https://www.chess.com"]

[Event "Titled Tuesday Blitz January 10 Early 2023"]
[White "Avila Pavas, Santiago"]
[Black "Vokhidov, Shamsiddin"]
[WhiteFideId "4437128"]
[BlackFideId "14204223"]
[WhiteElo "2522"]
[BlackElo "2586"]
[Result "0-1"]
[Round "11"]
[TimeControl "180+2"]
[Date "2023.01.10"]
[WhiteClock "0:00:02"]
[BlackClock "0:00:21"]

1. d4 Nf6 2. Nf3 d5 3. Bf4 c5 4. e3 Nc6 5. c3 Qb6 6. Qb3 c4 7. Qc2 Bf5 8. Qc1 e6 9. Nbd2 Be7 10. Be2 O-O 11. Bd1 Qa5 12. Bc2 b5 13. a3 Bxc2 14. Qxc2 Qb6 15. e4 dxe4 16. Nxe4 Nd5 17. Bg3 f5 18. Ned2 f4 19. Bh4 Bxh4 20. Nxh4 e5 21. dxe5 Nxe5 22. O-O Nd3 23. b3 Ne3 24. fxe3 fxe3 25. Rxf8+ Rxf8 26. Ndf3 e2+ 27. Nd4 e1=Q+ 28. Rxe1 Nxe1 29. Qe4 Nd3 30. h3 Qh6 31. Qd5+ Kh8 32. Nhf5 Qc1+ 33. Kh2 Qf4+ 34. Kg1 Re8 35. Ne6 Qe5 36. Qd7 Rxe6 37. Qf7 h6 38. Nxg7 Rf6 0-1


[Site "https://www.chess.com"]

[Event "Titled Tuesday Blitz January 10 Early 2023"]
[White "Bachmann, Axel"]
[Black "Samunenkov, Ihor"]
[WhiteFideId "3700488"]
[BlackFideId "14187086"]
[WhiteElo "2604"]
[BlackElo "2501"]
[Result "0-1"]
[Round "11"]
[TimeControl "180+2"]
[Date "2023.01.10"]
[WhiteClock "0:00:08"]
[BlackClock "0:00:05"]

1. e4 c6 2. d4 d5 3. Nd2 dxe4 4. Nxe4 Bf5 5. Ng3 Bg6 6. N1e2 Nf6 7. Nf4 Nbd7 8. h4 e5 9. Nxg6 hxg6 10. c3 exd4 11. Qxd4 Bc5 12. Qf4 Qe7+ 13. Be2 O-O-O 14. Kf1 Ne5 15. Qa4 Nd3 16. Bxd3 Rxd3 17. Bg5 Rhd8 18. Re1 Qd7 19. Ne4 Nxe4 20. Qxe4 f6 21. Bf4 Rd1 22. Rh3 Rxe1+ 23. Qxe1 Re8 24. Qb1 Qg4 25. Be3 Bxe3 26. Rxe3 Rxe3 27. fxe3 f5 28. Qe1 Qc4+ 29. Kg1 Qxa2 30. Qg3 Qe6 31. Qf4 b6 32. Qd4 Qd7 33. Qc4 Kb7 34. b4 a6 35. Qf4 Qe7 36. Qd4 Kc7 37. Kf2 Qd7 38. Qe5+ Kb7 39. Ke2 Qc7 40. Qe6 a5 41. bxa5 bxa5 42. Qxg6 Qe5 43. Qf7+ Kb6 44. Qb3+ Qb5+ 45. Qxb5+ Kxb5 46. Kd3 a4 47. h5 a3 48. Kc2 Kc4 49. g3 a2 50. Kb2 a1=Q+ 51. Kxa1 Kxc3 52. e4 fxe4 53. g4 e3 0-1


[Site "https://www.chess.com"]

[Event "Titled Tuesday Blitz January 10 Early 2023"]
[White "Halkias, Stelios"]
[Black "Kamsky, Gata"]
[WhiteFideId "4201809"]
[BlackFideId "2000024"]
[WhiteElo "2511"]
[BlackElo "2665"]
[Result "0-1"]
[Round "11"]
[TimeControl "180+2"]
[Date "2023.01.10"]
[WhiteClock "0:00:05"]
[BlackClock "0:00:43"]

1. Nf3 Nf6 2. c4 g6 3. Nc3 Bg7 4. e4 d6 5. d4 O-O 6. Be2 c6 7. O-O a6 8. Be3 b5 9. a3 Nbd7 10. Rc1 e5 11. h3 Bb7 12. dxe5 dxe5 13. c5 Qe7 14. b4 a5 15. Qc2 Nh5 16. Rfd1 Nf4 17. Bf1 axb4 18. axb4 Rfd8 19. Rd6 Nf6 20. Rcd1 Ne8 21. Bxf4 exf4 22. e5 Nxd6 23. cxd6 Qe6 24. Ne4 Qa2 25. Qc1 c5 26. Nc3 Qb3 27. bxc5 Bxf3 28. gxf3 Bxe5 29. Nd5 Kg7 30. Rd3 Qc4 31. Qe1 f6 32. Nb6 Qxc5 33. Nxa8 Rxa8 34. d7 Rd8 35. Qe4 b4 36. Qb7 Bd4 37. Kg2 Bxf2 38. Rd5 Qc2 39. Bd3 Qb2 0-1


[Site "https://www.chess.com"]

[Event "Titled Tuesday Blitz January 10 Early 2023"]
[White "Karthik Rajaa"]
[Black "Durarbayli, Vasif"]
[WhiteFideId "25035215"]
[BlackFideId "13402935"]
[WhiteElo "2276"]
[BlackElo "2627"]
[Result "0-1"]
[Round "11"]
[TimeControl "180+2"]
[Date "2023.01.10"]
[WhiteClock "0:00:07"]
[BlackClock "0:00:47"]

1. e4 c5 2. Nf3 e6 3. c4 d6 4. Nc3 a6 5. b3 b6 6. Bb2 Bb7 7. g3 Nd7 8. Bg2 Qc7 9. O-O Rc8 10. Re1 Ngf6 11. d3 Be7 12. Ne2 Ne5 13. Nf4 Nfd7 14. Qc2 O-O 15. Nd2 b5 16. a4 bxc4 17. bxc4 Rb8 18. Bc3 Ba8 19. Ne2 Nc6 20. Nf1 Bf6 21. g4 Nb4 22. Qd2 Bxc3 23. Qxc3 Ne5 24. Rad1 Nxg4 25. Neg3 Nc6 26. h3 Nf6 27. f4 Nd4 28. Ne2 Rb3 29. Qc1 Rfb8 30. Nxd4 cxd4 31. Re2 Nd7 32. Nd2 Rxd3 33. e5 dxe5 34. Ne4 Bxe4 35. Bxe4 Rxd1+ 36. Qxd1 Qxc4 37. fxe5 Nxe5 38. Rc2 Qb4 39. Rg2 Ng6 40. Qg4 f5 41. Bxf5 exf5 42. Qxf5 Qb1+ 0-1


[Site "https://www.chess.com"]

[Event "Titled Tuesday Blitz January 10 Early 2023"]
[White "Zahid, Sanatan"]
[Black "Bacrot, Etienne"]
[WhiteFideId "10201963"]
[BlackFideId "605506"]
[WhiteElo "1930"]
[BlackElo "2667"]
[Result "1-0"]
[Round "11"]
[TimeControl "180+2"]
[Date "2023.01.10"]
[WhiteClock "0:01:46"]
[BlackClock "0:02:09"]

1. d4 Nf6 2. Nc3 d5 3. Bf4 a6 4. e3 b5 5. Bd3 Bb7 6. Nf3 e6 7. Ne2 c5 8. c3 Nc6 9. a4 c4 10. Bb1 b4 11. Ng3 Bd6 12. O-O O-O 13. Ne5 Bxe5 14. dxe5 Nd7 15. Qh5 g6 16. Qh6 Ncxe5 17. Nh5 gxh5 18. Qxh7# 1-0


[Site "https://www.chess.com"]

[Event "Titled Tuesday Blitz January 10 Early 2023"]
[White "Galchenko, Matvey"]
[Black "Rakhmatullaev, Almas"]
[WhiteFideId "24175480"]
[BlackFideId "14205793"]
[WhiteElo "2438"]
[BlackElo "2275"]
[Result "1-0"]
[Round "11"]
[TimeControl "180+2"]
[Date "2023.01.10"]
[WhiteClock "0:00:07"]
[BlackClock "0:00:05"]

1. f4 Nf6 2. Nf3 g6 3. g3 Bg7 4. Bg2 O-O 5. O-O d6 6. d3 Nbd7 7. Nc3 Rb8 8. a4 c6 9. e4 a5 10. h3 b6 11. g4 Bb7 12. Ne2 b5 13. Ng3 bxa4 14. g5 Ne8 15. h4 Nc5 16. d4 Nd7 17. Rxa4 Ba6 18. Rf2 c5 19. c3 cxd4 20. cxd4 Bb5 21. Ra3 Nb6 22. h5 Nc4 23. Ra1 a4 24. f5 Nc7 25. Bh3 Bd7 26. Qf1 Na5 27. Be3 Rb3 28. Re1 Bb5 29. Qg2 Nc4 30. Bc1 Rxf3 31. Rxf3 Bxd4+ 32. Kh2 Ne5 33. Ra3 Bc5 34. Ra1 Nd3 35. Rd1 Nxc1 36. Raxc1 Be3 37. Rc2 Bxg5 38. Ne2 Bxe2 39. Rxe2 Bf4+ 40. Kh1 g5 41. e5 Qa8 42. exd6 Qxg2+ 43. Kxg2 exd6 44. f6 Ne6 45. Bxe6 fxe6 46. Rxe6 Kf7 47. Re7+ Kxf6 48. Rb7 Re8 49. Kf2 Kf5 50. Rb4 Kg4 51. Rxa4 Kxh5 52. Rc4 Kg4 53. b4 h5 54. b5 h4 55. b6 Rb8 56. Rb1 d5 57. Rd4 h3 58. Rxd5 h2 59. Kg2 Rb7 60. Rc5 Kh4 61. Rc4 Kg4 62. Ra4 Kf5 63. Ra7 Rb8 64. b7 Kg4 65. Ra8 Kf5 66. Rxb8 Bxb8 67. Rf1+ Ke6 68. Rc1 Kd7 69. Rc8 Bc7 70. b8=Q Bxb8 71. Rxb8 g4 72. Kxh2 1-0


[Site "https://www.chess.com"]

[Event "Titled Tuesday Blitz January 10 Early 2023"]
[White "Harsh Suresh"]
[Black "Orozbaev, Eldiar"]
[WhiteFideId "45018464"]
[BlackFideId "13802240"]
[WhiteElo "2298"]
[BlackElo "2235"]
[Result "0-1"]
[Round "11"]
[TimeControl "180+2"]
[Date "2023.01.10"]
[WhiteClock "0:00:03"]
[BlackClock "0:00:12"]

1. e4 e6 2. d4 d5 3. Nd2 c5 4. Ngf3 Nc6 5. Bb5 Bd7 6. exd5 exd5 7. dxc5 Bxc5 8. O-O Nge7 9. Nb3 Bd6 10. Bg5 O-O 11. c3 Qc7 12. Re1 Bg4 13. h3 Bh5 14. Be2 h6 15. Bxe7 Nxe7 16. Nfd4 Bxe2 17. Qxe2 a6 18. Qf3 Rad8 19. Re2 Ng6 20. Nf5 Be5 21. Rae1 Kh7 22. Nc1 d4 23. cxd4 Bxd4 24. Nxd4 Rxd4 25. Nb3 Rf4 26. Qg3 Rd8 27. Nd2 Qa5 28. Nf3 Qxa2 29. Ne5 Rf6 30. Ng4 Rc6 31. Qf3 Qd5 32. Qg3 Qd6 33. Qf3 Qf4 34. Qb3 Qc7 35. Qf3 Rc1 36. g3 Rxe1+ 37. Rxe1 Rd2 38. h4 Rxb2 39. h5 Nf8 40. Re8 Qc1+ 41. Kg2 Rb1 42. Qf5+ Kg8 43. Nxh6+ gxh6 44. Qg4+ Qg5 45. Qc8 Qd5+ 46. f3 Rb2+ 47. Kh3 Qxh5# 0-1


[Site "https://www.chess.com"]

[Event "Titled Tuesday Blitz January 10 Early 2023"]
[White "Urazayev, Arystanbek"]
[Black "Klukin, Kirill"]
[WhiteFideId "13709810"]
[BlackFideId "24199273"]
[WhiteElo "2460"]
[BlackElo "2390"]
[Result "0-1"]
[Round "11"]
[TimeControl "180+2"]
[Date "2023.01.10"]
[WhiteClock "0:00:06"]
[BlackClock "0:00:26"]

1. e4 c5 2. Nf3 Nc6 3. Bb5 g6 4. O-O Bg7 5. c3 Nf6 6. e5 Nd5 7. d4 cxd4 8. cxd4 O-O 9. Nc3 Nxc3 10. bxc3 d6 11. Re1 Bg4 12. exd6 Qxd6 13. h3 Bf5 14. a4 Rac8 15. Ba3 Qc7 16. Bxc6 Qxc6 17. Bxe7 Rfe8 18. Bb4 Be4 19. a5 h5 20. Rc1 Bh6 21. Ra1 Bg7 22. Bc5 b6 23. axb6 axb6 24. Bb4 Qd5 25. Ra7 Re6 26. Re3 Bh6 27. Re1 Bg7 28. Qa4 Bxf3 29. Rxe6 Qxe6 30. gxf3 Qxh3 31. Qa2 Qxf3 32. Re7 Bxd4 0-1


[Site "https://www.chess.com"]

[Event "Titled Tuesday Blitz January 10 Early 2023"]
[White "Mirzoev, Azer"]
[Black "Gareyev, Timur"]
[WhiteFideId "13400304"]
[BlackFideId "14200937"]
[WhiteElo "2416"]
[BlackElo "2617"]
[Result "0-1"]
[Round "11"]
[TimeControl "180+2"]
[Date "2023.01.10"]
[WhiteClock "0:00:01"]
[BlackClock "0:00:05"]

1. Nf3 d6 2. d4 Bf5 3. Nc3 Nf6 4. Bg5 Ne4 5. Nxe4 Bxe4 6. e3 h6 7. Bh4 Qd7 8. c3 Qf5 9. Bg3 Nd7 10. Nd2 Bc6 11. f3 e6 12. e4 Qg5 13. Nb3 a5 14. Qd2 a4 15. Nc1 d5 16. exd5 Qxd5 17. Bxc7 Be7 18. Nd3 O-O 19. Be2 Rac8 20. Bg3 h5 21. O-O h4 22. Bf2 Qf5 23. h3 Rfd8 24. Qf4 Qg6 25. Qg4 Qh6 26. Qf4 Bg5 27. Qh2 Be3 28. Kh1 Bd5 29. a3 Bc4 30. Rad1 Bxd3 31. Bxd3 Bf4 32. Qg1 Nf6 33. Rfe1 Rd5 34. Be3 Nh5 35. Bxf4 Qxf4 36. Qe3 Qf6 37. Bf1 Rg5 38. Qf2 Ng3+ 39. Kg1 Nf5 40. Re4 Qh6 41. Rg4 Ng3 42. Re1 Rd8 43. Rxg5 Qxg5 44. Qe3 Qf6 45. Qe5 Qe7 46. Qf4 Rd5 47. Kh2 g5 48. Qb8+ Kg7 49. Re5 Rd7 50. Kg1 Qf6 0-1


[Site "https://www.chess.com"]

[Event "Titled Tuesday Blitz January 10 Early 2023"]
[White "Taboas Rodriguez, Daniel"]
[Black "Putnam, Liam"]
[WhiteFideId "2208466"]
[BlackFideId "30938279"]
[WhiteElo "2371"]
[BlackElo "2285"]
[Result "0-1"]
[Round "11"]
[TimeControl "180+2"]
[Date "2023.01.10"]
[WhiteClock "0:00:01"]
[BlackClock "0:00:20"]

1. d4 Nf6 2. Nf3 e6 3. c4 d5 4. Nc3 h6 5. Bf4 Bd6 6. Bxd6 Qxd6 7. e3 O-O 8. Rc1 a6 9. a3 dxc4 10. Bxc4 b5 11. Bd3 Bb7 12. O-O Nbd7 13. b4 e5 14. Nxe5 Nxe5 15. dxe5 Qxe5 16. Qe2 Rad8 17. Rfd1 Rfe8 18. h3 Qg5 19. Qf1 Rd7 20. Be2 Red8 21. Rxd7 Rxd7 22. Rd1 Rxd1 23. Bxd1 c5 24. f4 Qg3 25. Qf2 Qxf2+ 26. Kxf2 c4 27. Bc2 Kf8 28. e4 Ke7 29. Ke3 g5 30. g3 Nh5 31. Ne2 Bc8 32. h4 Bg4 33. Nd4 Nxg3 34. hxg5 hxg5 35. fxg5 Bd7 36. Kf4 Nh5+ 37. Ke5 f6+ 38. gxf6+ Nxf6 39. Bd1 Ne8 40. Kd5 Nf6+ 41. Ke5 Nh7 42. Kd5 Ng5 43. e5 Nh3 44. Kc5 Nf4 45. Kb6 Bc8 46. Kc7 Ne6+ 47. Nxe6 Bxe6 48. Kb6 Bc8 49. Kc7 Bf5 50. Kb7 c3 51. Kxa6 Bd3 52. Kb6 Ke6 0-1


[Site "https://www.chess.com"]

[Event "Titled Tuesday Blitz January 10 Early 2023"]
[White "Najdin, Danil"]
[Black "Preotu, Razvan"]
[WhiteFideId "4172426"]
[BlackFideId "2613280"]
[WhiteElo "2235"]
[BlackElo "2475"]
[Result "1-0"]
[Round "11"]
[TimeControl "180+2"]
[Date "2023.01.10"]
[WhiteClock "0:00:05"]
[BlackClock "0:00:02"]

1. e4 c5 2. Nf3 d6 3. d4 cxd4 4. Nxd4 Nf6 5. Nc3 a6 6. Bc4 e6 7. Bb3 b5 8. Qf3 Qb6 9. Be3 Qb7 10. a3 Be7 11. O-O O-O 12. Rad1 Nbd7 13. Bg5 h6 14. Bh4 Ne5 15. Qe2 Ng6 16. Bg3 e5 17. Nf5 Rd8 18. Nd5 Bxf5 19. exf5 Nf8 20. Nxf6+ Bxf6 21. Bd5 Qc7 22. Bxa8 Rxa8 23. Rd2 Nd7 24. Rfd1 Be7 25. f4 Re8 26. fxe5 Nxe5 27. Bxe5 dxe5 28. Rd7 Qb6+ 29. Kh1 Qf6 30. Qe4 Bc5 31. Rc7 Rd8 32. Rcd7 Rc8 33. c3 Bf8 34. Rf1 Rc4 35. Qd5 Rc5 36. Qb7 e4 37. Qxe4 Re5 38. Qf3 Bc5 39. Rc7 Bd6 40. Rc8+ Kh7 41. Rc6 Qe7 42. g3 Re3 43. Qd5 Be5 44. f6 Bxf6 45. Qf5+ g6 46. Qxf6 Qe4+ 47. Kg1 Rxg3+ 48. hxg3 Qe3+ 49. Qf2 1-0


[Site "https://www.chess.com"]

[Event "Titled Tuesday Blitz January 10 Early 2023"]
[White "Arabidze, Meri"]
[Black "Molina, Roberto Junio Brito"]
[WhiteFideId "13604040"]
[BlackFideId "2109450"]
[WhiteElo "2441"]
[BlackElo "2403"]
[Result "0-1"]
[Round "11"]
[TimeControl "180+2"]
[Date "2023.01.10"]
[WhiteClock "0:00:01"]
[BlackClock "0:00:05"]

1. d4 d5 2. c4 c6 3. Nf3 Nf6 4. g3 dxc4 5. Bg2 b5 6. O-O Bb7 7. b3 cxb3 8. Qxb3 a6 9. Rd1 e6 10. Nc3 Be7 11. e4 O-O 12. e5 Nd5 13. Ne4 Nd7 14. Bg5 c5 15. dxc5 Bxg5 16. Nexg5 Rc8 17. Qd3 g6 18. Qe4 Kg7 19. h4 Nxc5 20. Qe1 Qe7 21. Nh2 h6 22. Ne4 Nxe4 23. Bxe4 Rc4 24. Bg2 Rfc8 25. h5 gxh5 26. Nf3 Nb4 27. Qe2 Re4 28. Qd2 Rc2 29. Qd6 Qc7 30. Nd2 Rg4 31. Bxb7 Qxb7 32. a3 Nd5 33. Nf3 Rc6 34. Qd8 Rc8 35. Qd6 Ne7 36. Qd3 Nf5 37. Rac1 Rxc1 38. Rxc1 Rc4 39. Re1 Qc6 40. Kg2 Rc3 41. Qe2 Rxa3 42. Rd1 h4 43. Rd8 h3+ 44. Kxh3 Qxf3 45. Qd2 Qh5+ 46. Kg2 Qg5 0-1


[Site "https://www.chess.com"]

[Event "Titled Tuesday Blitz January 10 Early 2023"]
[White "Krysa, Leandro"]
[Black "Sanal, Vahap"]
[WhiteFideId "116807"]
[BlackFideId "6300545"]
[WhiteElo "2541"]
[BlackElo "2600"]
[Result "1-0"]
[Round "11"]
[TimeControl "180+2"]
[Date "2023.01.10"]
[WhiteClock "0:00:09"]
[BlackClock "0:00:28"]

1. e4 g6 2. d4 Bg7 3. Nf3 d6 4. Bc4 Nf6 5. Qe2 O-O 6. O-O c6 7. e5 dxe5 8. dxe5 Nd5 9. Rd1 Bg4 10. Nbd2 Nd7 11. h3 Be6 12. a4 Qc7 13. Re1 Nf4 14. Qe4 Bxc4 15. Nxc4 Ne6 16. Qh4 b5 17. Na3 Nxe5 18. Nxe5 Bxe5 19. axb5 cxb5 20. Nxb5 Qc5 21. Nxa7 Bf6 22. Qa4 Bd4 23. Be3 Bxe3 24. Rxe3 Rfb8 25. Rc3 Qd4 26. Rb3 Rxb3 27. Qxb3 Nf4 28. Qb7 Rd8 29. Nc6 Ne2+ 30. Kf1 Ng3+ 31. fxg3 Qc4+ 32. Kg1 Rd2 33. Nxe7+ Kg7 34. Rf1 Rxc2 35. Nd5 Qc5+ 36. Kh2 Qf8 37. Qb3 Rc8 38. Qf3 Rc6 39. Qf4 Rd6 40. Qe5+ Kh6 41. Nf6 g5 42. Ng4+ Kg6 43. Qf5+ Kg7 44. Qxg5+ Rg6 45. Qe5+ f6 46. Rxf6 Rxf6 47. Qxf6+ Qxf6 48. Nxf6 Kxf6 49. g4 Ke5 50. Kg3 Kd4 51. Kh4 Ke5 52. Kh5 Kf6 53. Kh6 Ke5 54. Kxh7 Kf4 55. b4 Kg5 56. b5 Kh4 57. b6 Kg5 58. b7 Kh4 59. b8=Q Kg5 60. Qg3 Kf6 61. g5+ Kf5 62. g6 Kf6 63. g7 Kf5 64. g8=Q Ke4 65. Qe6+ Kd4 66. Qge3# 1-0


[Site "https://www.chess.com"]

[Event "Titled Tuesday Blitz January 10 Early 2023"]
[White "Sadubayev, Airat"]
[Black "Movahed, Sina"]
[WhiteFideId "13713264"]
[BlackFideId "42520835"]
[WhiteElo "2320"]
[BlackElo "2340"]
[Result "1-0"]
[Round "11"]
[TimeControl "180+2"]
[Date "2023.01.10"]
[WhiteClock "0:00:06"]
[BlackClock "0:00:05"]

1. d4 Nf6 2. c4 g6 3. Nc3 Bg7 4. e4 d6 5. f3 O-O 6. Be3 a6 7. Qd2 Nc6 8. Nge2 Na5 9. Nc1 Nd7 10. Be2 c5 11. O-O Nc6 12. Nb3 b6 13. Rac1 a5 14. d5 Ncb8 15. Rce1 a4 16. Nc1 a3 17. b3 Re8 18. Nd3 e5 19. dxe6 fxe6 20. Bf4 Nc6 21. Nb5 Nde5 22. Rd1 Nxd3 23. Qxd3 Nd4 24. Nxd6 Rf8 25. Bg3 Ba6 26. e5 Ra7 27. Qe4 Rd7 28. Bd3 Nf5 29. Bb1 Nd4 30. Bf2 Nf5 31. Bg3 Nxg3 32. hxg3 Qg5 33. Qc6 Rfd8 34. f4 Qxg3 35. Qxb6 Bb7 36. Rf2 Bh6 37. Rdf1 Ba8 38. Be4 Rf8 39. Bxa8 Rxa8 40. Ne4 Qe3 41. Qxe6+ Rf7 42. Nd6 Rf8 43. Nxf7 Rxf7 44. Kh1 Kg7 45. Rf3 Qe4 46. f5 gxf5 47. Qd5 Qh4+ 48. Rh3 Qg4 49. e6 Re7 50. Qxf5 Qxf5 51. Rxf5 Rxe6 52. Rxc5 Re1+ 53. Kh2 Bf4+ 54. g3 Re2+ 55. Kh1 Bd6 56. Rd5 Be7 57. Rh2 Re1+ 58. Kg2 Bf6 59. Kh3 Bb2 60. c5 Ra1 61. Rc2 Rxa2 62. c6 Ra1 63. c7 Rh1+ 64. Kg2 a2 65. c8=Q Rg1+ 66. Kh3 Rh1+ 67. Kg4 a1=Q 68. Rc7+ Kh6 69. Qe6+ Bf6 70. Rc6 Rh4+ 71. gxh4 Qg1+ 72. Kf3 Qf1+ 73. Ke3 Qe1+ 74. Kd3 Qd1+ 75. Kc4 Qc2+ 76. Kb4 Qf2 77. Qxf6+ Qxf6 78. Rxf6+ Kg7 79. Rc6 h5 80. Rd7+ Kf8 81. Rc8# 1-0


[Site "https://www.chess.com"]

[Event "Titled Tuesday Blitz January 10 Early 2023"]
[White "Ter-Sahakyan, Samvel"]
[Black "Koellner, Ruben Gideon"]
[WhiteFideId "13302531"]
[BlackFideId "12993093"]
[WhiteElo "2617"]
[BlackElo "2426"]
[Result "1-0"]
[Round "11"]
[TimeControl "180+2"]
[Date "2023.01.10"]
[WhiteClock "0:01:54"]
[BlackClock "0:00:05"]

1. d4 d6 2. c4 e5 3. Nf3 e4 4. Ng5 f5 5. h4 Be7 6. Nc3 Nf6 7. Bf4 O-O 8. e3 h6 9. Be2 hxg5 10. hxg5 Ng4 11. f3 Nxe3 12. Bxe3 Bxg5 13. f4 Bf6 14. Bh5 Bh4+ 15. g3 Bxg3+ 16. Kd2 Qf6 17. Nd5 Qe6 18. Bg6 Rf6 19. Nxf6+ Qxf6 20. Rh8+ Kxh8 21. Qh5+ Kg8 22. Qh7+ Kf8 23. Qh8+ Ke7 24. Qe8# 1-0


[Site "https://www.chess.com"]

[Event "Titled Tuesday Blitz January 10 Early 2023"]
[White "Makarian, Rudik"]
[Black "Volkov, Maksim"]
[WhiteFideId "44105681"]
[BlackFideId "54123070"]
[WhiteElo "2545"]
[BlackElo "2258"]
[Result "1-0"]
[Round "11"]
[TimeControl "180+2"]
[Date "2023.01.10"]
[WhiteClock "0:01:12"]
[BlackClock "0:00:25"]

1. d4 d5 2. c4 e6 3. Nf3 Nf6 4. Bg5 dxc4 5. e3 b5 6. a4 c6 7. Nc3 Bb4 8. g3 Bb7 9. Bg2 Nbd7 10. O-O a6 11. Rc1 h6 12. Bxf6 Nxf6 13. b3 Nd5 14. Na2 cxb3 15. Nxb4 b2 16. Rb1 Nxb4 17. Rxb2 Nd5 18. Qb3 O-O 19. Ne5 Qe7 20. Rc1 Rac8 21. Nd3 Ba8 22. h4 Rfe8 23. Rbc2 Rb8 24. Ne5 a5 25. Nxc6 Bxc6 26. Rxc6 Nb4 27. Rc7 Qf6 28. axb5 Rxb5 29. Rd7 Rd8 30. Rcc7 Rxd7 31. Rxd7 g6 32. Qc4 Rf5 33. f4 e5 34. dxe5 Qb6 35. Qd4 Qxd4 36. exd4 1-0


[Site "https://www.chess.com"]

[Event "Titled Tuesday Blitz January 10 Early 2023"]
[White "Stribuk, Artiom"]
[Black "Mihajlov, Sebastian"]
[WhiteFideId "13515659"]
[BlackFideId "1512110"]
[WhiteElo "2378"]
[BlackElo "2373"]
[Result "0-1"]
[Round "11"]
[TimeControl "180+2"]
[Date "2023.01.10"]
[WhiteClock "0:00:02"]
[BlackClock "0:00:52"]

1. d4 Nf6 2. c4 g6 3. g3 Bg7 4. Bg2 d6 5. Nc3 O-O 6. Nf3 Nc6 7. O-O Bf5 8. d5 Na5 9. Nd4 Bd7 10. b3 c5 11. dxc6 bxc6 12. h3 Rb8 13. e4 c5 14. Nde2 h5 15. Be3 Nc6 16. Rc1 a5 17. Nd5 a4 18. bxa4 Nb4 19. Nec3 Nfxd5 20. exd5 Qa5 21. Bd2 Qa6 22. Nb5 Nxa2 23. Rb1 Bf5 24. Rb3 Qxa4 25. Re1 Qxc4 26. Bf1 Qxd5 27. Ra3 Nb4 28. Rxe7 Nc2 29. Raa7 Rxb5 30. Bxb5 Nd4 31. Be2 Bxh3 32. Be3 Qg2# 0-1


[Site "https://www.chess.com"]

[Event "Titled Tuesday Blitz January 10 Early 2023"]
[White "Seemann, Jakub"]
[Black "Pakleza, Zbigniew"]
[WhiteFideId "21874697"]
[BlackFideId "1119290"]
[WhiteElo "2446"]
[BlackElo "2494"]
[Result "1/2-1/2"]
[Round "11"]
[TimeControl "180+2"]
[Date "2023.01.10"]
[WhiteClock "0:00:03"]
[BlackClock "0:00:04"]

1. d4 d6 2. Nf3 Bg4 3. e4 Nf6 4. Nc3 e6 5. h3 Bh5 6. Be3 d5 7. e5 Nfd7 8. g4 Bg6 9. Ne2 c5 10. dxc5 Nc6 11. Ned4 Bxc5 12. Nxc6 bxc6 13. Bxc5 Nxc5 14. Qd4 Qb6 15. O-O-O Be4 16. Be2 Rb8 17. Rhe1 Na4 18. Qxa4 Qxb2+ 19. Kd2 O-O 20. Rb1 Qxb1 21. Rxb1 Rxb1 22. Nd4 c5 23. Nc6 h6 24. Ne7+ Kh8 25. Bd3 Bxd3 26. Kxd3 Rb7 27. Nc6 Rc8 28. Qa6 Rcc7 29. Nd8 Rb6 30. Qa4 Kh7 31. h4 Rb8 32. Nc6 Rb6 33. Nxa7 Rb4 34. Qa6 Rxg4 35. Nc8 c4+ 36. Kd2 Rxh4 37. Nd6 Rh2 38. Qb6 Rd7 39. Ke3 Rh3+ 40. f3 g5 41. Ne8 Kg6 42. Nf6 Re7 43. Qd8 Ra7 44. Qg8+ Kf5 45. Qh7+ Kxe5 46. Ng4+ Kd6 47. Qg8 Ra3+ 48. Kd2 Rhxf3 49. Qd8+ Kc6 50. Ne5+ Kc5 51. Qe7+ Kd4 52. Nxf3+ Rxf3 53. Qa7+ Ke4 54. Qg1 c3+ 55. Ke2 f5 56. Qg2 g4 57. Qh1 h5 58. Qxh5 d4 59. Qh1 e5 60. Qg2 f4 61. Qxg4 Re3+ 62. Kd1 Rg3 63. Qe6 Rg1+ 64. Ke2 Rg2+ 65. Kf1 Rd2 66. Qg6+ Ke3 67. Qg1+ Ke4 68. Qg6+ Ke3 69. Qg1+ Ke4 70. Qg6+ 1/2-1/2


[Site "https://www.chess.com"]

[Event "Titled Tuesday Blitz January 10 Early 2023"]
[White "Perez Rodriguez, Luis Manuel"]
[Black "Harsha Bharathakoti"]
[WhiteFideId "3503364"]
[BlackFideId "5078776"]
[WhiteElo "2329"]
[BlackElo "2602"]
[Result "0-1"]
[Round "11"]
[TimeControl "180+2"]
[Date "2023.01.10"]
[WhiteClock "0:00:39"]
[BlackClock "0:00:48"]

1. e4 c5 2. Nf3 d6 3. d4 cxd4 4. Nxd4 Nf6 5. Nc3 Nc6 6. Bc4 e6 7. Be3 a6 8. Qe2 Qc7 9. Bb3 Na5 10. g4 b5 11. g5 Nd7 12. h4 Nxb3 13. axb3 Bb7 14. f3 b4 15. Na4 d5 16. exd5 Bxd5 17. O-O-O g6 18. h5 Bg7 19. Kb1 Rc8 20. hxg6 hxg6 21. Rxh8+ Bxh8 22. f4 Be4 23. Bc1 Qb7 24. f5 exf5 25. Ka2 Kf8 26. c4 bxc3 27. Nxc3 Nc5 28. Nxe4 Qxe4 29. Qc4 Qb7 30. Bf4 Ne4 31. Qd3 Kg8 32. Rh1 Nc3+ 33. bxc3 Qxh1 0-1


[Site "https://www.chess.com"]

[Event "Titled Tuesday Blitz January 10 Early 2023"]
[White "Kukhmazov, Arsen"]
[Black "Czernek, Tymon"]
[WhiteFideId "24108260"]
[BlackFideId "1199510"]
[WhiteElo "2512"]
[BlackElo "2314"]
[Result "0-1"]
[Round "11"]
[TimeControl "180+2"]
[Date "2023.01.10"]
[WhiteClock "0:00:04"]
[BlackClock "0:00:14"]

1. d4 Nf6 2. c4 e6 3. Nf3 d5 4. Nc3 Bb4 5. Bg5 dxc4 6. e4 c5 7. Bxc4 cxd4 8. Nxd4 Qa5 9. Bb5+ Bd7 10. Bxf6 Bxb5 11. Nxb5 gxf6 12. O-O Nc6 13. Nd6+ Ke7 14. Nc4 Qc5 15. Rc1 Qxc4 16. Nd5+ exd5 17. Rxc4 dxc4 18. Qd5 Rad8 19. Qxc4 Rd6 20. Qb5 b6 21. h4 Bc5 22. a3 a5 23. Rc1 Rhd8 24. b4 axb4 25. axb4 Nxb4 26. Kh2 Nd3 27. Ra1 Nxf2 28. Ra7+ R8d7 29. Rxd7+ Rxd7 30. Qc6 Ng4+ 31. Kg3 Ne5 32. Qa8 Rd3+ 33. Kf4 Ng6+ 34. Kg4 Bd6 35. Kh5 Bf4 36. g4 Rh3 37. Qb7+ Kf8 0-1


[Site "https://www.chess.com"]

[Event "Titled Tuesday Blitz January 10 Early 2023"]
[White "Shipov, Sergei"]
[Black "Gaitan, Juan Manuel"]
[WhiteFideId "4113624"]
[BlackFideId "121657"]
[WhiteElo "2541"]
[BlackElo "2328"]
[Result "1/2-1/2"]
[Round "11"]
[TimeControl "180+2"]
[Date "2023.01.10"]
[WhiteClock "0:00:17"]
[BlackClock "0:00:20"]

1. d4 Nf6 2. c4 e6 3. Nc3 Bb4 4. Qc2 c5 5. dxc5 Na6 6. a3 Bxc3+ 7. Qxc3 Nxc5 8. f3 d6 9. e4 b6 10. Be3 Bb7 11. Ne2 O-O 12. Rd1 Qc7 13. Qc2 Rfd8 14. Nc3 a6 15. Be2 Rac8 16. O-O Qb8 17. b4 Ncd7 18. Qb3 d5 19. cxd5 exd5 20. exd5 Qe5 21. Bd4 Rxc3 22. Qxc3 Qxe2 23. Rfe1 Qa2 24. Qc7 Rc8 25. Qxb7 Rc2 26. Qb8+ Nf8 27. Bxf6 Rxg2+ 28. Kh1 Rg6 29. Rg1 Rxf6 30. Qe5 Nd7 31. Qe8+ Nf8 32. d6 Qf2 33. Qe4 Re6 34. Qd5 Re2 35. Qh5 Nd7 36. Qh3 g6 37. Qg3 Qe3 38. Rge1 Nf6 39. Rxe2 Qxe2 40. Re1 Qd3 41. Kg2 Nh5 42. Qe5 Qd2+ 43. Kh1 Nf4 44. Rg1 Nh3 45. Rf1 Nf2+ 46. Kg1 Nh3+ 47. Kh1 Nf2+ 48. Kg1 Nh3+ 49. Kh1 1/2-1/2


[Site "https://www.chess.com"]